 Dungeon Crawl Stone Soup version 0.31.0-12-g77e489cdc1 (webtiles) character file.

Game seed: 7083145291722365417

6004322 Hi5aMiFi the Human Barricade (level 27, 249/249 HPs)
             Began as a Human Fighter on Feb 6, 2024.
             Was a Follower of Uskayaw.
             Escaped with the Orb
             ... and 9 runes on Feb 14, 2024!
             The game lasted 10:20:02 (104952 turns).

Hi5aMiFi the Human Barricade (Human Fighter)      Turns: 104952, Time: 10:20:03

Health: 249/249    AC: 41    Str: 41    XL:     27
Magic:  40/40      EV: 10    Int: 15    God:    Uskayaw [*.....]
Gold:   5463       SH: 41    Dex: 10    Spells: 26/26 levels left

rFire   + + .        H - +5 demon whip "Transmigrator" {vamp, Will+ Str+5 SInv}
rCold   + + .        c - +6 tower shield {AC+3}
rNeg    . . .        x - +6 plate armour of the Equinox {rElec rPois Int+4 Slay-5}
rPois   +            (helmet restricted)
rElec   +            l - scarf {rC+ rF+}
rCorr   +            j - +2 pair of gloves "Qikapnux" {rElec}
SInv    +            d - +2 pair of boots {rampage}
Will    +++..        h - amulet of Gotaqank {Reflect rC+ rCorr SH+5} Stlth
                     b - +6 ring of strength
HPRegen 0.61/turn    z - ring of Zued {Wiz Fly rF+ Str+3 Dex-2}
MPRegen 0.27/turn

%: reflection, rampage, wizardry (x1)
@: flying, hasted, studying Staves, very quick
A: explore regen, hooves 1, horns 1, iridescent scales 1, large bone plates 2,
clumsy 1, no potion heal 1
0: Orb of Zot
}: 9/15 runes: serpentine, barnacled, slimy, silver, demonic, glowing, magical,
fiery, dark
a: Renounce Religion, Stomp


You escaped.
You worshipped Uskayaw.
Uskayaw was exalted by your worship.
You visited 14 branches of the dungeon, and saw 64 of its levels.
You visited Pandemonium 1 time, and saw 13 of its levels.
You visited the Abyss 2 times.
You also visited: Bailey, Ice Cave and Wizlab.

You collected 9656 gold pieces.
You spent 4193 gold pieces at shops.

Inventory:

Hand Weapons
 f - a +0 giant club {!d}
 i - a +0 giant club {!d}
 q - a +0 giant club {!d}
 r - a +0 giant club {!d}
 G - a +0 giant spiked club {!d}
 H - the +5 demon whip "Transmigrator" (weapon) {vamp, Will+ Str+5 SInv}
   (You found it on level 2 of the Depths)

   Str+5:     It affects your strength (+5).
   Will+:     It increases your willpower.
   SInv:      It lets you see invisible.
 I - a +0 giant spiked club {!d}
 M - a +0 giant club {!d}
 O - a +9 sacred scourge of holy wrath
 U - a +0 giant club {!d}
Missiles
 s - 11 javelins
 C - 7 silver javelins
 K - 6 throwing nets
 Y - 13 boomerangs (quivered)
Armour
 c - a +6 tower shield of protection (worn)
 d - a +2 pair of boots of rampaging (worn)
 j - the +2 pair of gloves "Qikapnux" (worn) {rElec}
   (You found it on level 3 of the Vaults)

   rElec:     It insulates you from electricity.
 l - a scarf of resistance (worn)
 m - the +3 helmet of Votreb {Regen+ Int+2}
   (You found it in Pandemonium)

   Int+2:     It affects your intelligence (+2).
   Regen+:    It increases your rate of health regeneration.
 x - the +6 plate armour of the Equinox (worn) {rElec rPois Int+4 Slay-5}
   (You took it off a deep elf high priest on level 3 of the Elven Halls)

   Int+4:     It affects your intelligence (+4).
   Slay-5:    It affects your accuracy & damage with ranged weapons and melee
   (-5).
   rElec:     It insulates you from electricity.
   rPois:     It protects you from poison
 R - a +3 plate armour of willpower
Jewellery
 b - a +6 ring of strength (left hand)
 h - the amulet of Gotaqank (around neck) {Reflect rC+ rCorr SH+5}
   (You acquired it on level 1 of the Elven Halls)

   [amulet of reflection]

   Reflect:   It reflects blocked missile attacks.
   rC+:       It protects you from cold.
   rCorr:     It protects you from acid and corrosion.
   SH+5:      It affects your SH (+5).
 p - the ring "Hotoitei" {Ice Slay+3}
   (You acquired it on level 4 of the Depths)

   [ring of ice]

   Ice:       It enhances your ice magic.
   Slay+3:    It affects your accuracy & damage with ranged weapons and melee
   (+3).
   rF-:       It makes you vulnerable to fire.
   rC+:       It protects you from cold.
 y - an amulet of faith
 z - the ring of Zued (right hand) {Wiz Fly rF+ Str+3 Dex-2}
   (You found it in Pandemonium)

   [ring of wizardry]

   Wiz:       It improves your spell success rate.
   Str+3:     It affects your strength (+3).
   Dex-2:     It affects your dexterity (-2).
   rF+:       It protects you from fire.
   Fly:       It grants you flight.
 D - a ring of protection from fire
 V - the ring of Maifewna {Fly rPois rF- Str+2 Stlth+}
   (You found it on level 5 of the Pits of Slime)

   [ring of flight]

   Str+2:     It affects your strength (+2).
   rF-:       It makes you vulnerable to fire.
   rPois:     It protects you from poison Fly: It grants you flight.
   Stlth+:    It makes you more stealthy.
 W - a ring of positive energy
Wands
 v - a wand of quicksilver (7)
 F - a wand of charming (45)
Scrolls
 a - 5 scrolls of silence
 e - 3 scrolls of fear
 g - 7 scrolls of vulnerability
 n - 13 scrolls of teleportation
 E - 2 scrolls of blinking
 L - a scroll of revelation
 Q - 7 scrolls of fog
 X - 2 scrolls of butterflies
Potions
 k - 3 potions of attraction
 o - 6 potions of heal wounds
 t - a potion of resistance
 u - 8 potions of invisibility
 w - 3 potions of mutation
 A - 2 potions of enlightenment
 B - 2 potions of might
 N - 3 potions of lignification
 P - a potion of haste
 Z - 10 potions of curing
Miscellaneous
 S - a phantom mirror


   Skills:
 O Level 27 Fighting
 * Level 16.1 Maces & Flails
 - Level 17.0 Throwing
 O Level 27 Armour
 O Level 27 Shields
 O Level 27 Invocations
 - Level 6.0 Evocations


You had 26 spell levels left.
You didn't know any spells.
Your spell library contained the following spells:

 Spells                   Type           Power      Damage    Failure   Level
 Apportation              Tloc           0%         N/A       22%         1
 Foxfire                  Conj/Fire      0%         2x1d4     22%         1
 Freeze                   Ice            0%         1d3       22%         1
 Kiss of Death            Conj/Necr      0%         2d5       22%         1
 Magic Dart               Conj           0%         1d3       22%         1
 Necrotise                Necr           0%         1d4       22%         1
 Sandblast                Erth           0%         2d4       22%         1
 Shock                    Conj/Air       0%         1d3       22%         1
 Slow                     Hex            0%         N/A       22%         1
 Sting                    Conj/Alch      0%         1d3       22%         1
 Summon Small Mammal      Summ           0%         N/A       22%         1
 Blink                    Tloc           0%         N/A       32%         2
 Cigotuvi's Dreadful Rot  Necr/Alch/Air  0%         N/A       32%         2
 Ensorcelled Hibernation  Hex/Ice        0%         N/A       32%         2
 Jinxbite                 Hex            0%         N/A       32%         2
 Lesser Beckoning         Tloc           0%         N/A       32%         2
 Mercury Vapours          Alch/Air       0%         N/A       32%         2
 Momentum Strike          Conj/Tloc      0%         3d8       32%         2
 Scorch                   Fire           0%         2d5       32%         2
 Searing Ray              Conj           0%         2d4       32%         2
 Static Discharge         Conj/Air       0%         3-3/arc   32%         2
 Sublimation of Blood     Necr           0%         N/A       32%         2
 Call Canine Familiar     Summ           0%         N/A       52%         3
 Confusing Touch          Hex            0%         N/A       52%         3
 Dazzling Flash           Conj/Hex       0%         N/A       52%         3
 Frozen Ramparts          Ice            0%         1d1       52%         3
 Fugue of the Fallen      Necr           0%         N/A       52%         3
 Gell's Gravitas          Tloc           0%         N/A       52%         3
 Hailstorm                Conj/Ice       0%         3d5       52%         3
 Inner Flame              Hex/Fire       0%         N/A       52%         3
 Mephitic Cloud           Conj/Alch/Air  0%         N/A       52%         3
 Ozocubu's Armour         Ice            0%         N/A       52%         3
 Passwall                 Erth           0%         N/A       52%         3
 Sigil of Binding         Hex            0%         N/A       52%         3
 Stone Arrow              Conj/Erth      0%         3d7       52%         3
 Summon Ice Beast         Ice/Summ       0%         N/A       52%         3
 Swiftness                Air            0%         N/A       52%         3
 Teleport Other           Tloc           0%         N/A       52%         3
 Vampiric Draining        Necr           0%         2d6       52%         3
 Airstrike                Air            0%         2d(0-16)  89%         4
 Anguish                  Hex/Necr       0%         N/A       89%         4
 Animate Armour           Summ/Erth      0%         N/A       89%         4
 Animate Dead             Necr           0%         N/A       89%         4
 Brom's Barrelling Bould  Conj/Erth      0%         2d3       89%         4
 Cause Fear               Hex            0%         N/A       89%         4
 Dimensional Bullseye     Hex/Tloc       0%         N/A       89%         4
 Dispel Undead            Necr           0%         3d6       89%         4
 Flame Wave               Conj/Fire      0%         2d4       89%         4
 Fulminant Prism          Conj/Alch      0%         3d5       89%         4
 Ignite Poison            Fire/Alch      0%         N/A       89%         4
 Leda's Liquefaction      Alch/Erth      0%         N/A       89%         4
 Manifold Assault         Tloc           0%         N/A       89%         4
 Martyr's Knell           Necr/Summ      0%         N/A       89%         4
 Olgreb's Toxic Radiance  Alch           0%         N/A       89%         4
 Petrify                  Alch/Erth      0%         N/A       89%         4
 Sticky Flame             Fire/Alch      0%         2d4       89%         4
 Summon Blazeheart Golem  Fire/Summ      0%         N/A       89%         4
 Vhi's Electric Charge    Tloc/Air       0%         N/A       89%         4
 Alistair's Intoxication  Alch           0%         N/A       99%         5
 Arcjolt                  Conj/Air       0%         1d10      99%         5
 Borgnjor's Vile Clutch   Necr/Erth      0%         N/A       99%         5
 Curse of Agony           Necr           0%         N/A       99%         5
 Freezing Cloud           Conj/Ice/Air   0%         6-21      99%         5
 Irradiate                Conj/Alch      0%         3d11      99%         5
 Iskenderun's Battlesphe  Conj           0%         2d6       99%         5
 Lee's Rapid Deconstruct  Erth           0%         3d4*      99%         5
 Metabolic Englaciation   Hex/Ice        0%         N/A       99%         5
 Silence                  Hex/Air        0%         N/A       99%         5
 Summon Forest            Summ/Tloc      0%         N/A       99%         5
 Summon Mana Viper        Hex/Summ       0%         N/A       99%         5
 Yara's Violent Unravell  Hex/Alch       0%         3d3       99%         5
 Bombard                  Conj/Erth      0%         9d1       100%        6
 Conjure Ball Lightning   Conj/Air       0%         3x3d6     100%        6
 Death Channel            Necr           0%         N/A       100%        6
 Eringya's Noxious Bog    Alch           0%         4d6       100%        6
 Plasma Beam              Fire/Air       0%         2x1d10    100%        6
 Sculpt Simulacrum        Ice/Alch       0%         N/A       100%        6
 Starburst                Conj/Fire      0%         6d3       100%        6
 Summon Cactus Giant      Summ           0%         N/A       100%        6
 Enfeeble                 Hex            0%         N/A       100%        7
 Haunt                    Necr/Summ      0%         N/A       100%        7
 Monstrous Menagerie      Summ           0%         N/A       100%        7
 Orb of Destruction       Conj           0%         9d5       100%        7
 Ozocubu's Refrigeration  Ice            0%         4d7       100%        7
 Spellforged Servitor     Conj/Summ      0%         N/A       100%        7
 Summon Hydra             Summ           0%         N/A       100%        7
 Discord                  Hex            0%         N/A       100%        8
 Disjunction              Tloc           0%         N/A       100%        8
 Ignition                 Fire           0%         3d3       100%        8
 Infestation              Necr           0%         N/A       100%        8
 Lehudib's Crystal Spear  Conj/Erth      0%         10d2      100%        8
 Maxwell's Capacitive Co  Air            0%         ∞         100%        8
 Polar Vortex             Ice            0%         N/A       100%        9


Dungeon Overview and Level Annotations

Branches:
Dungeon (15/15)            Temple (1/1) D:6            Lair (5/5) D:9
 Shoals (4/4) Lair:2        Snake (4/4) Lair:2        Slime (5/5) Lair:4
    Orc (2/2) D:11            Elf (3/3) Orc:2        Vaults (5/5) D:14
  Crypt (3/3) Vaults:3       Tomb (0/3) Crypt:3      Depths (4/4) D:15
   Hell (visited)             Dis (0/7) Hell            Geh (7/7) Hell
    Coc (0/7) Hell            Tar (0/7) Hell            Zot (5/5) Depths:4
 Bailey (visited)           IceCv (visited)          WizLab (visited)

Altars:
Ashenzari
Cheibriados
Dithmenos
Elyvilon
Fedhas
Gozag
Hepliaklqana
Kikubaaqudgha
Makhleb
Nemelex Xobeh
Okawaru
Qazlal
Ru
Sif Muna
Trog
Uskayaw
Vehumet
Wu Jian
Xom
Yredelemnul
Zin
The Shining One
Jiyva

Shops:
D:2 !   D:3 (   D:4 !   D:6 [   D:9 (   D:12 ?   Orc:2 ::(!   Elf:1 [   Elf:2 =
Elf:3 :   Shoals:1 *   Shoals:3 [   Snake:2 =::   Depths:1 (   Depths:4 ((=

Portals:
Hell: Depths:1 Depths:2 Depths:3 Depths:4
Abyss: Depths:3
Pandemonium: Depths:1 Depths:2
Ziggurat: Depths:4


Innate Abilities, Weirdness & Mutations

You regain HP and MP as you explore.
You have large cloven feet.
You have a pair of small horns on your head.
You are partially covered in iridescent scales. (AC +2)
You are mostly covered in large bone plates. (SH +6)
You are clumsy. (Dex -2)
Potions are less effective at restoring your health.


Message History

There is a stone staircase leading down here.
Aiming: Dig
Press: ? - help, Shift-Dir - straight line A rock wall.
This square is covered in magical glow.
The rock shatters into small pieces.
You feel yourself speed up.
There is a stone staircase leading up here.
You fly upwards.
There is a stone staircase leading down here.
Aiming: Dig
Press: ? - help, Shift-Dir - straight line A rock wall.
This square is covered in magical glow.
The rock shatters into small pieces.
HP restored.
Aiming: Dig
Press: ? - help, Shift-Dir - straight line A rock wall.
This square is covered in magical glow.
The rock shatters into small pieces.
Okay, then.
There is a stone staircase leading up here.
You fly upwards.
There is a stone staircase leading down here.
Okay, then.
Aiming: Dig
Press: ? - help, Shift-Dir - straight line A rock wall.
This square is covered in magical glow.
The rock shatters into small pieces.
Aiming: Dig
Press: ? - help, Shift-Dir - straight line A rock wall.
This square is covered in magical glow.
The rock shatters into small pieces.
The now-empty wand crumbles to dust.
Blink to where?
Press: ? - help, Dir - move target
As you read the scroll of blinking, it crumbles to dust.
You have escaped!

...........###...................
.......##...#.#.>.............##.
.....#.#####.##.#####...####.###.
#...##.#####.##.# #......##.....
#####........##.# #....#.#######
#.####.#.##.# #....#.# ###
######.# ########
###############.############ ##
..#....#..#.....@..#.....#.# #.
.##..........#.....#..#..#.#####.
....#..#..#..#.....#..#..#.......
##.....................).....###.
##.#..#..#..#..#..#.......### #.
#.#..#.....#..#.....#..#.#####.
##########################...>.
########### #.#... ###.#.......#
#.#...


There were no monsters in sight!

Vanquished Creatures
  Cerebov (Pan)
  the Royal Jelly (Slime:5)
  Mnoleg (Pan)
  Gloorx Vloq (Pan)
  the Serpent of Hell (Geh:7)
  Frederick (Vaults:5)
  Lom Lobon (Pan)
  3 dread liches
  4 ancient liches
  7 orbs of fire (Zot:5)
  A royal mummy (Crypt:3)
  9 Killer Klowns
  Vv (Depths:3)
  Vashnia (Snake:3)
  Saint Roka (Snake:3)
  Geryon (Hell)
  5 curse toes
  The ghost of Vailuoroe the Devastator, a veteran GrEE of Lugonu (Crypt:3)
  8 golden dragons
  2 bone dragons
  3 doom hounds (Crypt:3)
  A Tzitzimitl (Pan)
  3 electric golems
  The ghost of Feagond the Warrior, an adept HOMo of Beogh (Vaults:3)
  Jorgrun (D:12)
  10 hellephants
  3 Brimstone Fiends
  20 tentacled monstrosities
  Zenata (Vaults:2)
  A pandemonium lord (Pan)
  6 liches
  A walking frostbound tome (Depths:3)
  Grunn (Crypt:3)
  Asterion (Vaults:2)
  A Hell Sentinel (Pan)
  2 deep elf blademasters
  20 searing wretches
  2 walking divine tomes (Depths:3)
  3 quicksilver dragons
  4 deep elf master archers
  5 tentacled starspawn
  17 acid blobs
  9 sphinxes
  26 Orb Guardians
  15 Executioners (Pan)
  Murray (Hell)
  11 death cobs
  7 ancient champions
  9 titans
  The ghost of asd2613 the Devastator, an adept DsAl of Vehumet (Shoals:2)
  Donald (Vaults:2)
  Kirke (Shoals:1)
  A thorn hunter (WizLab)
  Aizul (Snake:1)
  12 shadow dragons
  9 tengu reavers
  15 storm dragons
  3 revenants
  The ghost of Yjimoseergh the Spry, an adept SpFE of Dithmenos (Vaults:3)
  Ilsuiw (Shoals:4)
  6 demonspawn warmongers (Pan)
  7 azure jellies
  4 fenstrider witches
  5 nagarajas
  14 fire giants
  7 protean progenitors
  5 frost giants
  7 draconian knights
  2 iron dragons
  5 deep elf sorcerers (Elf:3)
  6 rockslimes
  2 draconian shifters (Zot:4)
  6 angels
  25 balrugs
  12 vault wardens
  7 draconian monks
  4 ghost moths
  Louise (Snake:1)
  7 draconian scorchers
  3 draconian stormcallers
  10 draconian annihilators
  18 reapers
  9 cacodemons (Pan)
  8 deep elf elementalists
  2 spriggan defenders
  5 juggernaut skeletons
  3 demonspawn blood saints (Pan)
  11 quicksilver oozes
  6 caustic shrike skeletons
  10 ironbound thunderhulks
  6 green draconians
  2 formless jellyfish
  6 demonspawn black suns (Pan)
  20 very ugly things
  A demonspawn corrupter (Pan)
  3 ghouls (Crypt:2)
  18 stone giants
  17 ironbound preservers
  2 eleionomae (WizLab)
  6 deep elf demonologists
  12 black draconians
  15 vampire knights
  4 deep elf death magi
  A rockslime zombie (Crypt:2)
  5 war gargoyles
  6 red draconians
  12 yellow draconians
  10 white draconians
  26 dire elephants
  13 purple draconians
  12 deep elf annihilators
  A spark wasp (Depths:2)
  5 lorocyprocas
  2 crystal guardians (Vaults:2)
  7 eidola
  6 mummy priests (Crypt:3)
  6 green deaths
  4 merfolk javelineers (Shoals:4)
  9 fire dragons
  An entropy weaver (Vaults:2)
  A shambling mangrove (WizLab)
  12 ettins
  6 merfolk impalers
  Josephine (D:14)
  12 blizzard demons
  14 yaktaur captains
  16 jiangshi
  7 great orbs of eyes
  6 deep elf high priests
  7 rakshasas
  18 salamander tyrants
  Harold (Lair:1)
  3 peacekeepers
  31 vault guards
  Fannar (D:11)
  2 alligator snapping turtles
  Erolcha (Orc:1)
  A sphinx zombie (Depths:2)
  5 hell beasts
  3 spriggan air magi
  8 ice dragons
  6 hydras
  14 ironbound frosthearts
  18 centaur warriors
  3 ogre magi
  3 merfolk aquamancers (Shoals:4)
  4 merfolk avatars
  8 two-headed ogres
  2 radroaches (Pan)
  A jorogumo (Pan)
  8 satyrs
  35 dancing weapons
  2 death knights
  A two-headed ogre (shapeshifter) (Elf:3)
  2 boulder beetles
  7 stokers
  11 anacondas
  12 vampire magi
  8 deep troll shamans
  20 naga warriors
  A sphinx skeleton (Crypt:2)
  11 death yaks
  43 hell hogs
  10 tengu warriors
  12 deep troll earth magi
  Urug (Orc:1)
  2 thrashing horrors (Abyss:1)
  A shock serpent (shapeshifter) (Zot:1)
  An occultist (Depths:1)
  A demonic crawler (Pan)
  8 spriggan berserkers
  The ghost of Laqueoixx the Martial Artist, a novice OpSh of Ashenzari (D:10)
  2 orc high priests
  17 shock serpents
  18 naga sharpshooters
  16 hell knights
  27 soul eaters
  38 sun demons
  16 sixfirhies (Pan)
  Nergalle (Orc:2)
  A hellephant skeleton (Pan)
  6 iron trolls
  5 skysharks
  3 wretched stars
  Amaemon (Lair:3)
  23 deep elf knights
  An anaconda zombie (Hell)
  A titan skeleton (Crypt:2)
  A sea snake (shapeshifter) (Elf:1)
  3 golden dragon zombies
  6 shadow wraiths
  2 glowing orange brains (shapeshifter)
  13 salamander mystics
  5 skeletal warriors (Crypt:1)
  11 sea snakes
  2 shadow demons (Pan)
  4 death drakes
  41 deep trolls
  19 mana vipers
  6 arcanists
  An orange crystal statue (Snake:3)
  A spectral anaconda (Lair:5)
  A kraken simulacrum (Hell)
  7 naga ritualists
  A harpy (Shoals:2)
  An iron giant skeleton (Crypt:3)
  17 phantasmal warriors
  6 glowing orange brains
  3 sun moths (Pan)
  19 deep elf archers
  A bunyip skeleton (Crypt:2)
  6 flayed ghosts
  4 orc knights
  12 necromancers
  A spriggan simulacrum (Abyss:2)
  9 lindwurms (Vaults:2)
  An obsidian statue (Lair:5)
  A golden dragon skeleton (Crypt:1)
  38 deep elf zephyrmancers
  A sphinx simulacrum (Vaults:2)
  16 ironbound convokers
  11 orc sorcerers
  2 oklob plants (WizLab)
  A broodmother zombie (Crypt:3)
  33 salamanders
  50 deep elf pyromancers
  17 fauns
  5 shining eyes
  30 ugly things
  3 cyclopes
  16 elephants
  15 moths of wrath
  11 manticores
  4 ice statues
  A draconian skeleton (Zot:3)
  43 black mambas
  The ghost of MuppetCentipede the Cleaver, a novice MiMo (D:5)
  A shock serpent zombie (Crypt:1)
  7 merfolk sirens
  An alligator snapping turtle zombie (Crypt:1)
  2 water nymphs (Shoals:4)
  2 eyes of devastation (Slime:5)
  2 gargoyles (D:11)
  A black mamba (shapeshifter) (Depths:4)
  3 kobold blastminers (Orc:2)
  2 rust devils (Pan)
  22 naga magi
  16 vault sentinels
  2 molten gargoyles (Hell)
  A torpor snail (Lair:5)
  11 guardian serpents
  29 smoke demons
  15 cane toads
  13 orange demons
  A dire elephant zombie (Crypt:2)
  18 large abominations
  10 hellions
  8 unseen horrors
  2 kobold demonologists (D:9)
  A dire elephant skeleton (Lair:5)
  A naga skeleton (Crypt:2)
  2 tormentors
  A rime drake (shapeshifter) (Vaults:5)
  4 efreet (Pan)
  A yellow draconian zombie (Crypt:2)
  9 freezing wraiths
  12 komodo dragons
  An ice devil (D:15)
  A sea snake zombie (Hell)
  8 rime drakes
  35 yaktaurs
  3 hydra zombies (Hell)
  27 guardian mummies (Crypt:3)
  3 tengu conjurers
  2 polar bears
  28 hellwings (Pan)
  A burning bush (Lair:4)
  2 ancient zymes (Abyss:1)
  6 trolls
  A wind drake (shapeshifter) (Abyss:1)
  8 red devils
  19 merfolk
  A tarantella (Vaults:2)
  7 hornets
  6 tyrant leeches
  A hydra skeleton (Hell)
  An alligator simulacrum (Hell)
  5 wind drakes
  A wolf spider simulacrum (D:15)
  6 glass eyes
  21 blink frogs
  10 snapping turtles
  5 raiju
  8 dream sheep
  A black mamba zombie (Crypt:2)
  2 air elementals
  5 spriggans
  An ettin skeleton (Depths:2)
  A centaur simulacrum (D:14)
  89 slime creatures
  9 wraiths
  A shadow (D:9)
  4 small abominations (Abyss:1)
  4 wyverns
  9 water elementals
  6 vampires
  16 ynoxinuls
  6 fire elementals
  3 hogs (Shoals:1)
  9 ushabtiu (Crypt:3)
  53 yaks
  8 neqoxecs
  7 golden eyes
  7 chaos spawn (Pan)
  2 steam dragons
  3 wargs (Orc:1)
  2 redbacks (Vaults:2)
  6 vampire mosquitoes
  A spectral cane toad (Lair:5)
  An elf skeleton (Vaults:2)
  2 death yak simulacra (Lair:5)
  A merfolk zombie (Crypt:2)
  47 nagas
  3 acid dragons
  A swamp worm (shapeshifter) (D:15)
  22 water moccasins
  A demonspawn skeleton (Crypt:1)
  4 hell hounds (Hell)
  20 orc warriors
  2 black bears
  A cane toad skeleton (Crypt:1)
  20 laughing skulls
  3 ice beasts
  30 wolves
  A sky beast (D:7)
  An ettin simulacrum (Crypt:2)
  6 starcursed masses
  A boggart (shapeshifter) (D:15)
  12 ogres
  5 centaurs
  A lindwurm skeleton (Crypt:1)
  3 elephant skeletons (Lair:5)
  A phantom (D:7)
  5 kobold brigands
  Blork the orc (D:4)
  9 weeping skulls (Crypt:3)
  14 bullfrogs
  A brain worm (shapeshifter) (D:15)
  A necrophage (Crypt:2)
  A brain worm (Abyss:1)
  2 gnoll sergeants
  A human skeleton (Vaults:2)
  4 scorpions
  2 cane toad simulacra (Lair:5)
  4 earth elementals
  A salamander skeleton (Crypt:1)
  A warg zombie (Crypt:3)
  5 wights (D:8)
  3 lindwurm simulacra (IceCv)
  An elephant simulacrum (Lair:5)
  9 killer bees
  7 electric eels
  A spriggan skeleton (Crypt:1)
  3 howler monkeys
  6 jellies
  5 komodo dragon simulacra (IceCv)
  A quasit (Abyss:1)
  2 bombardier beetles
  4 hounds (D:5)
  6 orc priests
  3 sleepcaps
  An iguana (D:5)
  34 orc wizards
  A basilisk skeleton (Crypt:2)
  An ogre zombie (Crypt:3)
  A tengu zombie (Crypt:2)
  A deep dwarf skeleton (Crypt:2)
  29 mummies (Crypt:3)
  7 acid dragon simulacra (IceCv)
  18 gnolls
  3 adders
  A steam dragon skeleton (Crypt:1)
  A shadow imp (D:6)
  3 white imps
  5 ufetubi
  6 steam dragon simulacra (IceCv)
  3 dart slugs
  A ribbon worm (D:3)
  54 orcs
  8 ball pythons
  7 bats
  5 endoplasms
  8 giant cockroaches
  14 goblins
  9 hobgoblins
  4 quokkas
  5 frilled lizards
  A goblin zombie (Crypt:3)
  A jackal zombie (Crypt:2)
  23 kobolds
  6 rats
  2 rat skeletons (Crypt:3)
  2 butterflies (Lair:2)
  6 creeping infernos
  3 fire vortices (Geh:5)
  2 tentacles (Hell)
3069 creatures vanquished.

Vanquished Creatures (collateral kills)
  A kraken (Shoals:1)
  A formless jellyfish (Vaults:1)
  A deep elf high priest (Elf:3)
  A faun (Shoals:4)
  A vault sentinel (Vaults:1)
  An orc warrior (Bailey)
  An iguana (D:4)
  Ijyb (D:4)
  2 gnolls (Bailey)
  A dart slug (D:4)
  4 orcs
  3 goblins (Bailey)
  2 hobgoblins (Bailey)
  A kobold (D:4)
21 creatures vanquished.

Vanquished Creatures (others)
  A pandemonium lord (Pan)
  An eldritch tentacle (Pan)
  A protean progenitor (Pan)
  A deep elf sorcerer (Elf:3)
  A demonspawn blood saint (Pan)
  An ice dragon (Hell)
  2 deep elf knights
  A large abomination (Abyss:1)
  A death drake (Zot:3)
  A deep elf pyromancer (Elf:1)
  An orc knight (Bailey)
  A faun (Shoals:4)
  2 moths of wrath (Shoals:2)
  A will-o-the-wisp (Abyss:2)
  An unseen horror (Abyss:2)
  A hellion (Pan)
  A snapping turtle (Shoals:2)
  An air elemental (Elf:1)
  A human (Shoals:1)
  3 orc warriors
  A centaur (D:7)
  An orc wizard (Orc:1)
  An ufetubus (D:11)
  An orc (Bailey)
  4 foxfires (Abyss:2)
  9 starspawn tentacles
  24 tentacles
65 creatures vanquished.

Grand Total: 3155 creatures vanquished

Notes
Turn   | Place    | Note
-------+----------+-------------------------------------------
     0 | D:1      | Hi5aMiFi the Human Fighter began the quest for the Orb.
     0 | D:1      | Reached XP level 1. HP: 18/18 MP: 1/1
    94 | D:1      | Reached XP level 2. HP: 13/24 MP: 2/2
   279 | D:1      | Reached XP level 3. HP: 29/29 MP: 3/3
   837 | D:2      | Found Yjairoag's Distillery.
   852 | D:2      | Bought a potion of curing for 39 gold pieces
  1232 | D:2      | Reached XP level 4. HP: 37/37 MP: 4/4
  1261 | D:2      | Bought a potion of heal wounds for 65 gold pieces
  1376 | D:2      | Found a faded altar of an unknown god.
  2157 | D:3      | Noticed a scorpion
  2166 | D:3      | Killed a scorpion
  2167 | D:3      | Reached XP level 5. HP: 35/42 MP: 5/5
  2552 | D:4      | Noticed Ijyb
  2679 | D:4      | Found Duemnezy's Distillery.
  2687 | D:4      | Bought a potion of might for 44 gold pieces
  2690 | D:4      | Noticed Blork the orc
  2772 | D:4      | Noticed a steam dragon
  2775 | D:4      | Killed Ijyb
  2781 | D:4      | Reached skill level 1 in Evocations
  2781 | D:4      | Reached XP level 6. HP: 49/49 MP: 6/6
  2808 | D:4      | Killed a steam dragon
  2809 | D:4      | Reached skill level 5 in Maces & Flails
  2867 | D:3      | Found a blossoming altar of Fedhas.
  2895 | D:3      | Found a hazy altar of Hepliaklqana.
  3020 | D:3      | Found Pahoarph's Weapon Shop.
  3278 | D:4      | Bought a potion of heal wounds for 55 gold pieces
  3322 | D:4      | Found a broken altar of Ashenzari.
  3404 | D:5      | Entered Level 5 of the Dungeon
  3566 | D:5      | Reached XP level 7. HP: 55/55 MP: 7/7
  3591 | D:5      | Reached skill level 5 in Fighting
  3881 | D:2      | Bought a potion of lignification for 39 gold pieces
  4219 | D:5      | Found a large runed translucent door.
  4219 | D:5      | Found a large runed translucent door.
  4219 | D:5      | Noticed MuppetCentipede's ghost (novice MiMo)
  4425 | D:5      | Reached skill level 5 in Evocations
  4425 | D:5      | Reached XP level 8. HP: 63/64 MP: 8/8
  4840 | D:6      | Noticed a two-headed ogre
  4945 | D:6      | Found a staircase to the Ecumenical Temple.
  4955 | Temple   | Entered the Ecumenical Temple
  5129 | D:6      | Found Caloem's Armour Shoppe.
  6189 | D:7      | Reached XP level 9. HP: 74/74 MP: 9/9
  6340 | D:8      | Found a flagged portal.
  6362 | Bailey   | Entered a bailey
  6441 | Bailey   | Noticed an orc knight
  6467 | Bailey   | Reached skill level 1 in Throwing
  6489 | Bailey   | Killed an orc knight
  6685 | Bailey   | Noticed an orc knight
  6707 | Bailey   | Identified the +1 falchion "Deax" {spect, SInv}
  6708 | Bailey   | Found an iron altar of Okawaru.
  6708 | Bailey   | Noticed an orc sorcerer
  6711 | Bailey   | Noticed an ice devil
  6715 | Bailey   | Reached skill level 5 in Armour
  6717 | Bailey   | Noticed a smoke demon
  6727 | Bailey   | Noticed a red devil
  6731 | Bailey   | Noticed an orc high priest
  6733 | Bailey   | Killed an orc sorcerer
  6734 | Bailey   | Reached skill level 5 in Throwing
  6736 | Bailey   | Killed an orc high priest
  6737 | Bailey   | Reached XP level 10. HP: 80/80 MP: 10/10
  6860 | Bailey   | Noticed an orc knight
  7147 | Bailey   | Acquired a +3 demon whip of venom
  7269 | Bailey   | Killed an orc knight
  7686 | D:8      | Reached skill level 5 in Shields
  8002 | D:2      | Bought a potion of haste for 130 gold pieces
  8002 | D:2      | Bought a potion of might for 52 gold pieces
  8266 | D:6      | Killed a two-headed ogre
  8394 | D:8      | Found a bloodstained altar of Trog.
  8419 | D:8      | You fall into a shaft and drop 2 floors!
  8419 | D:10     | Entered Level 10 of the Dungeon
  8799 | D:10     | Reached XP level 11. HP: 81/86 MP: 11/11
  9029 | D:9      | Found a sparkling altar of Nemelex Xobeh.
  9325 | D:8      | Found a glowing silver altar of Zin.
  9325 | D:8      | Found Zin's Purification Station.
  9527 | D:4      | Killed Blork the orc
  9649 | D:5      | Killed MuppetCentipede's ghost
  9850 | D:9      | Noticed a sixfirhy
  9957 | D:9      | Found Cesus's Weapon Boutique.
 10039 | D:9      | Found a staircase to the Lair.
 10053 | D:9      | Reached skill level 10 in Shields
 10726 | D:8      | Found a sacrificial altar of Ru.
 10726 | D:8      | Found a hide-covered altar of Uskayaw.
 10735 | D:8      | Became a worshipper of Uskayaw the Reveller
 10782 | D:10     | Reached * piety under Uskayaw
 10795 | D:10     | Reached ** piety under Uskayaw
 10917 | D:10     | Found an ancient bone altar of Kikubaaqudgha.
 11123 | D:10     | Found a runed translucent gate.
 11124 | D:10     | Found a runed translucent gate.
 11124 | D:10     | Found a runed translucent gate.
 11151 | D:10     | Reached skill level 1 in Invocations
 11163 | D:10     | Noticed Laqueoixx's ghost (novice OpSh)
 11166 | D:10     | Found a viscous altar of Jiyva.
 11360 | D:10     | Found a snail-covered altar of Cheibriados.
 11604 | Lair:1   | Entered Level 1 of the Lair of Beasts
 11805 | Lair:1   | Reached *** piety under Uskayaw
 11807 | Lair:1   | Reached **** piety under Uskayaw
 11812 | Lair:1   | Reached ***** piety under Uskayaw
 12046 | D:6      | Bought a +2 pair of boots of rampaging for 301 gold pieces
 12171 | Lair:1   | Noticed a death yak
 12171 | Lair:1   | Noticed a death yak
 12195 | Lair:1   | Killed a death yak
 12202 | Lair:1   | Noticed a death yak
 12203 | Lair:1   | Reached XP level 12. HP: 56/94 MP: 12/14
 12305 | Lair:2   | Reached ****** piety under Uskayaw
 12629 | Lair:2   | Found a staircase to the Snake Pit.
 12884 | Lair:2   | Reached skill level 5 in Invocations
 13575 | Lair:1   | Noticed a death yak
 13579 | Lair:1   | Noticed a death yak
 13586 | Lair:2   | Killed a death yak
 13726 | Lair:1   | Noticed a death yak
 13744 | Lair:2   | Killed a death yak
 13802 | Lair:2   | Killed a death yak
 13900 | Lair:1   | Killed a death yak
 13953 | Lair:1   | Reached XP level 13. HP: 101/101 MP: 18/18
 14806 | Lair:1   | Noticed Harold
 14818 | Lair:1   | Killed Harold
 15631 | Lair:3   | Reached skill level 10 in Fighting
 15819 | Lair:3   | Noticed Amaemon
 15822 | Lair:3   | Reached skill level 10 in Maces & Flails
 15831 | Lair:3   | Killed Amaemon
 16540 | Lair:4   | Found a staircase to the Slime Pits.
 16540 | Lair:4   | Found a viscous altar of Jiyva.
 16656 | Lair:4   | Reached skill level 10 in Invocations
 17253 | Lair:5   | Entered Level 5 of the Lair of Beasts
 17309 | Lair:5   | Reached XP level 14. HP: 99/110 MP: 21/21
 18787 | Lair:5   | Noticed a dire elephant
 19664 | D:11     | Found a frozen archway.
 19678 | IceCv    | Entered an ice cave
 20203 | IceCv    | Reached skill level 15 in Shields
 20718 | D:11     | Noticed Fannar
 20742 | D:11     | Killed Fannar
 21017 | D:11     | Found a staircase to the Orcish Mines.
 21178 | D:12     | Noticed Jorgrun
 21658 | D:13     | Reached XP level 15. HP: 112/119 MP: 23/23
 22803 | D:14     | Noticed Josephine
 22813 | D:14     | Killed Josephine
 23543 | D:14     | Found a gate to the Vaults.
 23745 | Orc:1    | Entered Level 1 of the Orcish Mines
 24103 | Orc:2    | Entered Level 2 of the Orcish Mines
 24103 | Orc:2    | Found a staircase to the Elven Halls.
 24260 | Orc:1    | Noticed Urug
 24270 | Orc:1    | Noticed Erolcha
 24878 | Orc:2    | Found Hafaig Hican's Book Shoppe.
 24923 | Orc:2    | Found Ynole's Book Emporium.
 24993 | Orc:2    | Found a radiant altar of Vehumet.
 25018 | Orc:2    | Found Vyabal's Antique Weapon Emporium.
 25030 | Orc:2    | Noticed Nergalle
 25037 | Orc:2    | Killed Nergalle
 25037 | Orc:2    | Found an ancient bone altar of Kikubaaqudgha.
 25052 | Orc:2    | Found Xisiet's Distillery.
 25105 | Orc:2    | Bought a potion of curing for 51 gold pieces
 25105 | Orc:2    | Bought a potion of heal wounds for 85 gold pieces
 25105 | Orc:2    | Bought a potion of invisibility for 136 gold pieces
 25105 | Orc:2    | Bought a potion of haste for 170 gold pieces
 25105 | Orc:2    | Bought a potion of attraction for 51 gold pieces
 25105 | Orc:2    | Bought 2 potions of heal wounds for 170 gold pieces
 26012 | Lair:2   | Found a staircase to the Shoals.
 26247 | D:15     | Entered Level 15 of the Dungeon
 26683 | D:15     | Reached XP level 16. HP: 105/129 MP: 21/25
 27593 | D:15     | Found a glowing silver altar of Zin.
 27602 | D:15     | Found a white marble altar of Elyvilon.
 27603 | D:15     | Found a glowing golden altar of the Shining One.
 27868 | D:15     | Found a staircase to the Depths.
 28291 | Shoals:1 | Entered Level 1 of the Shoals
 28301 | Shoals:1 | Found Warghefac's General Store.
 28334 | Shoals:1 | Bought a scroll of enchant armour for 105 gold pieces
 28334 | Shoals:1 | Bought a potion of curing for 42 gold pieces
 28363 | Shoals:1 | Noticed Kirke
 28364 | Shoals:1 | Noticed a sphinx
 28370 | Shoals:1 | Paralysed by a sphinx for 3 turns
 28390 | Shoals:1 | Killed Kirke
 29380 | Shoals:1 | Noticed a kraken
 29648 | Shoals:2 | Identified the +5 rapier of Equilibrium {drain, *Noise
                  | +Blink rC+}
 29658 | Shoals:2 | Noticed asd2613's ghost (adept DsAl)
 30056 | Shoals:2 | Found a transporter.
 30069 | Shoals:2 | Found a transporter.
 31418 | Shoals:3 | Identified the +1 plate armour of Boeke {rC+ Int+3 Dex-2}
 31560 | Shoals:3 | Found Orheanei's Armour Emporium.
 31685 | Shoals:3 | Identified the +6 scale mail "Nirojuawn" {^Contam +Blink
                  | rC++ Will+}
 32462 | Shoals:4 | Entered Level 4 of the Shoals
 33489 | Shoals:4 | Got a barnacled rune of Zot
 33501 | Shoals:4 | Reached XP level 17. HP: 140/140 MP: 27/27
 33543 | Shoals:4 | Reached skill level 10 in Armour
 34239 | Shoals:4 | Noticed Ilsuiw
 34322 | Shoals:4 | Reached skill level 15 in Fighting
 34367 | Shoals:4 | Killed Ilsuiw
 35198 | Shoals:1 | Killed a kraken
 35288 | Snake:1  | Entered Level 1 of the Snake Pit
 35386 | Snake:1  | Noticed Louise
 35407 | Snake:1  | Killed Louise
 36014 | Snake:1  | Identified the serpent talisman of Zyaphoos {Fly Int+6
                  | SInv}
 36014 | Snake:1  | Noticed Aizul
 36153 | Snake:1  | Killed Aizul
 36154 | Snake:1  | Reached skill level 15 in Invocations
 37031 | Snake:2  | Found Womp's Book Boutique.
 37032 | Snake:2  | Found Bolir's Jewellery Emporium.
 37033 | Snake:2  | Found Jutset's Book Boutique.
 37040 | Snake:2  | Bought a +6 ring of strength for 540 gold pieces
 38471 | Snake:3  | Noticed Vashnia
 38503 | Snake:3  | Killed Vashnia
 38518 | Snake:3  | Reached XP level 18. HP: 149/149 MP: 29/29
 38729 | Snake:3  | Found a transporter.
 38734 | Snake:3  | Noticed Saint Roka
 38919 | Snake:3  | Found a transporter.
 40669 | Snake:4  | Entered Level 4 of the Snake Pit
 41456 | Snake:4  | Found a runed translucent gate.
 41456 | Snake:4  | Found a runed translucent gate.
 41456 | Snake:4  | Found a runed translucent gate.
 41507 | Abyss:1  | Cast into level 1 of the Abyss (naga mage)
 41532 | Abyss:1  | Found a snail-covered altar of Cheibriados.
 41540 | Abyss:1  | Gained mutation: Your magical capacity is low. (-10% MP) [a
                  | neqoxec]
 41543 | Abyss:1  | Gained mutation: You are weak. (Str -2) [a neqoxec]
 41546 | Abyss:1  | Found a snail-covered altar of Cheibriados.
 41617 | Abyss:1  | Found a snail-covered altar of Cheibriados.
 41747 | Abyss:1  | Found a corrupted altar of Lugonu.
 41842 | Abyss:1  | Found a corrupted altar of Lugonu.
 41842 | Abyss:1  | Found a corrupted altar of Lugonu.
 41926 | Snake:4  | Escaped the Abyss
 42406 | Snake:4  | Found a hide-covered altar of Uskayaw.
 42936 | Snake:4  | Reached XP level 19. HP: 144/157 MP: 27/27
 43893 | Snake:4  | Got a serpentine rune of Zot
 44657 | D:10     | Killed Laqueoixx's ghost
 44758 | D:12     | Found Iveh's Magic Scroll Boutique.
 44761 | D:12     | Bought a scroll of fear for 60 gold pieces
 44761 | D:12     | Bought a scroll of blinking for 112 gold pieces
 44761 | D:12     | Bought a scroll of identify for 30 gold pieces
 44761 | D:12     | Bought a scroll of fog for 60 gold pieces
 45003 | D:12     | Killed Jorgrun
 45520 | D:6      | Bought the +3 helmet "Jyazyirph" {Stlth+} for 410 gold
                  | pieces
 45712 | Orc:1    | Killed Urug
 45943 | Orc:1    | Killed Erolcha
 46701 | Vaults:1 | Entered Level 1 of the Vaults
 47132 | Vaults:1 | Paralysed by a formless jellyfish for 1 turns
 48629 | Vaults:1 | Reached XP level 20. HP: 168/168 MP: 28/28
 49047 | Vaults:1 | Acquired a manual of Fighting
 49785 | Vaults:2 | Noticed Asterion
 49808 | Vaults:2 | Killed Asterion
 50289 | Vaults:2 | Reached skill level 10 in Throwing
 50562 | Vaults:2 | Noticed Donald
 50590 | Vaults:2 | Killed Donald
 51365 | Vaults:2 | Noticed Zenata
 51388 | Vaults:2 | Killed Zenata
 51668 | Vaults:3 | Found a staircase to the Crypt.
 51789 | Vaults:3 | Found a large runed translucent door.
 51789 | Vaults:3 | Found a large runed translucent door.
 51789 | Vaults:3 | Noticed Yjimoseergh's ghost (adept SpFE)
 51789 | Vaults:3 | Noticed Feagond's ghost (adept HOMo)
 52147 | Vaults:3 | Reached XP level 21. HP: 157/177 MP: 29/29
 53221 | Vaults:3 | Killed Yjimoseergh's ghost
 53297 | Vaults:3 | Identified the +2 pair of gloves "Qikapnux" {rElec}
 53817 | Vaults:3 | Killed Feagond's ghost
 54126 | Vaults:4 | Found a magical portal.
 54136 | WizLab   | Entered Eringya's Formal Garden
 54546 | WizLab   | Found a blossoming altar of Fedhas.
 54612 | WizLab   | Got Eringya's Atlas of Toxicology
 56685 | Shoals:2 | Killed asd2613's ghost
 56703 | Shoals:2 | Identified the +0 cloak "Mile Jes" {rN+ Dex+7}
 56944 | D:4      | Bought a potion of curing for 33 gold pieces
 56944 | D:4      | Bought a potion of curing for 33 gold pieces
 56944 | D:4      | Bought a potion of enlightenment for 55 gold pieces
 57156 | Shoals:1 | Bought a scroll of fear for 56 gold pieces
 57156 | Shoals:1 | Bought a scroll of teleportation for 42 gold pieces
 57156 | Shoals:1 | Bought a scroll of teleportation for 42 gold pieces
 57299 | Snake:2  | Bought a ring of resist corrosion for 300 gold pieces
 57530 | Orc:2    | Upgraded the game from 0.31.0-11-ge490571c62 to
                  | 0.31.0-12-g77e489cdc1
 57531 | Elf:1    | Entered Level 1 of the Elven Halls
 57557 | Elf:1    | Reached XP level 22. HP: 127/188 MP: 31/31
 57752 | Elf:1    | Found Nioh Off's Armour Shop.
 57815 | Elf:1    | Acquired the amulet of Gotaqank {Reflect rC+ rCorr SH+5}
 57952 | Elf:1    | Got Sif Muna's Atlas of the Sixfirhy
 58527 | Elf:1    | Paralysed by an air elemental for 1 turns
 59203 | Elf:1    | Found an ancient bone altar of Kikubaaqudgha.
 59391 | Elf:2    | Found a runed translucent gate.
 59391 | Elf:2    | Found a runed translucent gate.
 59391 | Elf:2    | Found a runed translucent gate.
 59434 | Elf:2    | Paralysed by an air elemental for 1 turns
 59481 | Elf:2    | Found Fequj's Jewellery Shop.
 61208 | Elf:3    | Entered Level 3 of the Elven Halls
 61809 | Elf:3    | Reached skill level 15 in Armour
 61948 | Elf:3    | Found Xingouhu's Book Shop.
 62457 | Elf:3    | Reached XP level 23. HP: 135/177 MP: 33/33
 62798 | Elf:3    | Identified the +10 war axe of the Slime-mould {vamp, rCorr
                  | MP-9 Stlth+}
 63003 | Elf:3    | Identified the +6 plate armour of the Equinox {rElec rPois
                  | Int+4 Slay-5}
 63015 | Elf:3    | Identified the +4 triple crossbow "Zycw" {penet, Stlth+}
 63015 | Elf:3    | Identified the +1 leather armour "Puhai" {Will+ Dex+2}
 63793 | Elf:3    | Found the ring of the Mage {Wiz Archmagi}
 63793 | Elf:3    | Found the +2 shield of Resistance {rF++ rC++ Will++}
 63838 | Elf:3    | Got the Directory of the Whammy and Trauma
 63900 | Elf:3    | Identified the +0 pair of boots of Autotheism {-Tele rF+++
                  | rC- Regen+ Dex+9}
 64000 | Elf:3    | Reached skill level 15 in Maces & Flails
 64000 | Elf:3    | Reached XP level 24. HP: 208/208 MP: 33/33
 64828 | D:2      | Bought a potion of curing for 39 gold pieces
 64828 | D:2      | Bought a potion of lignification for 39 gold pieces
 64828 | D:2      | Bought a potion of mutation for 104 gold pieces
 64881 | D:4      | Bought 2 potions of lignification for 66 gold pieces
 65265 | Crypt:1  | Entered Level 1 of the Crypt
 67316 | Crypt:2  | Noticed an ancient lich
 67344 | Crypt:2  | Killed an ancient lich
 67530 | Crypt:3  | Entered Level 3 of the Crypt
 67810 | Crypt:3  | Found a runed translucent door.
 67810 | Crypt:3  | Noticed Vailuoroe's ghost (veteran GrEE)
 67912 | Crypt:3  | Killed Vailuoroe's ghost
 68698 | Crypt:3  | Reached XP level 25. HP: 185/205 MP: 33/33
 68700 | Crypt:3  | Noticed Grunn
 68708 | Crypt:3  | Killed Grunn
 69608 | Crypt:3  | Found a staircase to the Tomb.
 70279 | Crypt:3  | Found a basalt altar of Yredelemnul.
 70626 | Crypt:3  | Noticed a royal mummy
 70653 | Crypt:3  | Killed a royal mummy
 70675 | Crypt:3  | Identified the staff of Daryang {rElec rC+ Dex-4 Stlth+
                  | Conj Ice}
 70699 | Crypt:3  | Identified the +8 glaive "Ginouph" {speed, rF- rC+++}
 70964 | Crypt:3  | Identified the -2 helmet of Jeorph {rElec}
 70968 | Crypt:3  | Got the Exposition on Congelation and the Mountains
 71558 | Crypt:3  | Identified the dragon-blood talisman of Defiance {rN+}
 72322 | Snake:3  | Killed Saint Roka
 72509 | Snake:3  | Identified the amulet of Wataz {Spirit Dex+3}
 72810 | Depths:1 | Entered Level 1 of the Depths
 73607 | Depths:1 | Found Syucuod's Antique Weapon Shop.
 73633 | Depths:1 | Bought a runed morningstar for 287 gold pieces
 73994 | Depths:1 | Found a gateway to Hell.
 74197 | Depths:1 | Found a one-way gate leading to the halls of Pandemonium.
 74457 | Depths:2 | Reached skill level 15 in Throwing
 75056 | Depths:2 | Identified the +5 demon whip "Transmigrator" {vamp, Will+
                  | Str+5 SInv}
 75432 | Depths:2 | Reached XP level 26. HP: 222/222 MP: 33/33
 76407 | Depths:3 | Noticed Vv
 76425 | Depths:3 | Killed Vv
 76916 | Depths:3 | Identified the +3 leather armour of Ethics {+Inv Regen+
                  | Str-3 SInv}
 77298 | Depths:3 | Found a one-way gate to the infinite horrors of the Abyss.
 77493 | Depths:3 | Identified the +5 orcbow "Wisereg" {antimagic, rPois rCorr
                  | Dex+2}
 77851 | Depths:4 | Entered Level 4 of the Depths
 78172 | Depths:4 | Found Hadach's Jewellery Shoppe.
 78176 | Depths:4 | Found Huebosm's Weapon Emporium.
 78177 | Depths:4 | Found Leafu's Weapon Shoppe.
 78290 | Depths:4 | Acquired the ring "Hotoitei" {Ice Slay+3}
 78369 | Depths:4 | Found a one-way gateway to a ziggurat.
 78371 | Depths:4 | Noticed an ancient lich
 78508 | Depths:4 | Killed an ancient lich
 78570 | Depths:3 | Identified the +1 quarterstaff of Disaster {freeze, Dex+3}
 79019 | Depths:4 | Found a gate to the Realm of Zot.
 79501 | Slime:1  | Entered Level 1 of the Pits of Slime
 79735 | Slime:5  | Entered Level 5 of the Pits of Slime
 79759 | Slime:5  | Reached XP level 27. HP: 228/228 MP: 28/33
 79889 | Slime:5  | Found the ring of the Hare {EV+10}
 79907 | Slime:4  | Gained mutation: You are dopey. (Int -2) [a shining eye]
 79966 | Slime:5  | Noticed the Royal Jelly
 79980 | Slime:5  | Killed the Royal Jelly
 80028 | Slime:5  | Identified the ring of the Exceptional God {rC+ Str+2 SInv}
 80029 | Slime:5  | Identified the amulet of Ybrigoum {Regen+ Slay+3 SInv
                  | Stlth+}
 80439 | Slime:5  | Identified the +5 quarterstaff of Poverty {heavy, ^Fragile
                  | +Blink Str-3 SInv}
 80458 | Slime:5  | Identified the +11 spear "Ehialol" {drain, Stlth+}
 80644 | Slime:5  | Identified the +0 ring mail of the Iron City of Dis
                  | {Rampage *Slow rElec rCorr}
 81018 | Slime:5  | Identified the ring of Maifewna {Fly rPois rF- Str+2
                  | Stlth+}
 81023 | Slime:5  | Got a slimy rune of Zot
 81469 | Vaults:5 | Entered Level 5 of the Vaults
 81537 | Vaults:5 | Got a silver rune of Zot
 81539 | Vaults:5 | Identified the +0 ring mail of the Lion {*Slow +Blink rF++
                  | SInv}
 81579 | Vaults:5 | Identified the amulet of Mellov {rF+ Regen+ rCorr}
 81591 | Vaults:5 | Identified the +6 chain mail "Ecuusk" {rPois rC- Int+3}
 82189 | Vaults:5 | Got Wyigg's Compilation of the Morbid Torch
 82228 | Vaults:5 | Identified the +1 rapier of Oxuloti {drain, rF+ Will-
                  | Str+4}
 82538 | Vaults:5 | Identified the orb of Broken Taboos {light, Rampage Conj}
 82538 | Vaults:5 | Noticed Frederick
 82539 | Vaults:5 | Killed Frederick
 82599 | Vaults:5 | Identified the staff of the Shore {rPois Dex+3 Alchemy}
 82603 | Vaults:5 | Identified the +0 pair of gloves of an ossuary {rC+ rN+
                  | Slay-4}
 82605 | Vaults:5 | Identified the ring of Piheavot {Fire Str+4}
 82607 | Vaults:5 | Got Keckatuxt's Cyclopedia of Misty Concussion
 84069 | Zot:1    | Entered Level 1 of the Realm of Zot
 84471 | Zot:1    | Found a shimmering altar of Xom.
 84471 | Zot:1    | Found a glowing silver altar of Zin.
 84473 | Zot:1    | Found a shimmering altar of Xom.
 84474 | Zot:1    | Found a shimmering altar of Xom.
 86513 | Zot:2    | Reached skill level 27 in Shields
 87658 | Zot:3    | Noticed a dread lich
 87667 | Zot:3    | Noticed a dread lich
 87724 | Zot:3    | Killed a dread lich
 87728 | Zot:3    | Killed a dread lich
 88047 | Zot:3    | Identified the amulet "Kyenuat" {Spirit Stlth+}
 90026 | D:8      | Bought 2 potions of curing for 180 gold pieces
 90177 | Orc:2    | Bought 2 potions of berserk rage for 170 gold pieces
 90576 | Zot:5    | Entered Level 5 of the Realm of Zot
 90576 | Zot:5    | Noticed an orb of fire
 90576 | Zot:5    | Noticed an orb of fire
 91158 | Zot:5    | Noticed an orb of fire
 91167 | Zot:5    | Gained mutation: Your natural rate of healing is unusually
                  | fast. [an orb of fire]
 91174 | Zot:5    | Gained mutation: You are very dopey. (Int -4) [an orb of
                  | fire]
 91177 | Zot:5    | Killed an orb of fire
 91229 | Zot:5    | Noticed an orb of fire
 91241 | Zot:5    | Gained mutation: Your spells are a little easier to cast,
                  | but a little less powerful. [an orb of fire]
 91248 | Zot:5    | Killed an orb of fire
 92021 | Pan      | Entered Pandemonium
 92504 | Pan      | Entered the realm of Mnoleg.
 92531 | Pan      | Gained mutation: Armour fits poorly on your strangely
                  | shaped body. [a cacodemon]
 92615 | Pan      | Gained mutation: You occasionally lose the ability to read
                  | scrolls when taking damage. [a cacodemon]
 92644 | Pan      | Noticed Mnoleg
 92672 | Pan      | Gained mutation: You have hidden genetic defects. [a
                  | cacodemon]
 92674 | Pan      | Killed Mnoleg
 92857 | Pan      | Lost mutation: Your natural rate of healing is unusually
                  | fast. [potion of mutation]
 92857 | Pan      | Lost mutation: Your magical capacity is low. (-10% MP)
                  | [potion of mutation]
 92857 | Pan      | Lost mutation: You have hidden genetic defects. [potion of
                  | mutation]
 92858 | Pan      | Lost mutation: You occasionally lose the ability to read
                  | scrolls when taking damage. [potion of mutation]
 92858 | Pan      | Lost mutation: You are very dopey. (Int -4) [potion of
                  | mutation]
 92858 | Pan      | Lost mutation: Your spells are a little easier to cast, but
                  | a little less powerful. [potion of mutation]
 92858 | Pan      | Gained mutation: You have a pair of small horns on your
                  | head. [potion of mutation]
 92858 | Pan      | Gained mutation: You are agile. (Dex +4, Str/Int -1)
                  | [potion of mutation]
 92859 | Pan      | Lost mutation: You are weak. (Str -2) [potion of mutation]
 92859 | Pan      | Lost mutation: You are agile. (Dex +4, Str/Int -1) [potion
                  | of mutation]
 92859 | Pan      | Lost mutation: Armour fits poorly on your strangely shaped
                  | body. [potion of mutation]
 92859 | Pan      | Gained mutation: You are strong-willed. (Will+) [potion of
                  | mutation]
 93164 | Pan      | Got a glowing rune of Zot
 93311 | Pan      | Lost mutation: You are strong-willed. (Will+) [potion of
                  | mutation]
 93311 | Pan      | Lost mutation: You have a pair of small horns on your head.
                  | [potion of mutation]
 93311 | Pan      | Lost mutation: You are dopey. (Int -2) [potion of mutation]
 93311 | Pan      | Gained mutation: You are weak. (Str -2) [potion of
                  | mutation]
 93312 | Pan      | Lost mutation: You are weak. (Str -2) [potion of mutation]
 93312 | Pan      | Gained mutation: Your mind is acute. (Int +4, Str/Dex -1)
                  | [potion of mutation]
 93312 | Pan      | Gained mutation: You passively map a small area around you.
                  | [potion of mutation]
 93415 | Pan      | Entered the realm of Gloorx Vloq.
 94038 | Pan      | Noticed Gloorx Vloq
 94488 | Pan      | Killed Gloorx Vloq
 94509 | Pan      | Got a dark rune of Zot
 95040 | Pan      | Entered the realm of Lom Lobon.
 96274 | Pan      | Noticed Lom Lobon
 96275 | Pan      | Killed Lom Lobon
 96300 | Pan      | Got a magical rune of Zot
 96458 | Pan      | Entered the realm of Cerebov.
 96489 | Pan      | Found an exit through the horrors of the Abyss.
 97244 | Pan      | Identified the +0 leather armour "Piunumaa" {rC+ Will+
                  | Int+3 Dex-3}
 97246 | Pan      | Got Liloada's Papyrus of the Atmosphere and Evil
 97248 | Pan      | Identified the +3 helmet of Votreb {Regen+ Int+2}
 97272 | Pan      | Identified the +0 pair of boots of Miciunn {*Slow Fly rPois
                  | Str+9}
 97277 | Pan      | Identified the +1 acid dragon scales "Vazuo" {rF+ rCorr
                  | SInv}
 97278 | Pan      | Identified the staff "Jebbou Nomp" {rF+ Will- Dex+6 Necro
                  | Tloc Fire}
 97303 | Pan      | Identified the +0 sling "Lunk" {flame, rElec}
 97359 | Pan      | Identified the +7 spear "Acymiw" {protect, Will+}
 97417 | Pan      | Found the +6 sword of Cerebov {flame}
 97417 | Pan      | Noticed Cerebov
 97425 | Pan      | Killed Cerebov
 97457 | Pan      | Got a fiery rune of Zot
 97569 | Pan      | Noticed Tanun the pandemonium lord
 97631 | Pan      | Noticed Diemn the pandemonium lord
 97646 | Pan      | Killed Diemn the pandemonium lord
 97653 | Pan      | Gained mutation: Armour fits poorly on your strangely
                  | shaped body. [a cacodemon]
 97694 | Pan      | Got a demonic rune of Zot
 97698 | Pan      | Identified the ring of Zued {Wiz Fly rF+ Str+3 Dex-2}
 97759 | Pan      | Noticed Ittoc the pandemonium lord
 97773 | Pan      | Killed Ittoc the pandemonium lord
 97907 | Pan      | Found an exit through the horrors of the Abyss.
 97924 | Pan      | Took an exit into the Abyss.
 97924 | Abyss:1  | Escaped into the Abyss
 97934 | Abyss:1  | Found a corrupted altar of Lugonu.
 97989 | Abyss:1  | Found a corrupted altar of Lugonu.
 98257 | Abyss:1  | Found a corrupted altar of Lugonu.
 98257 | Abyss:1  | Found a corrupted altar of Lugonu.
 98257 | Abyss:1  | Found a corrupted altar of Lugonu.
 98259 | Abyss:1  | Lost mutation: You passively map a small area around you.
                  | [potion of mutation]
 98259 | Abyss:1  | Lost mutation: Your mind is acute. (Int +4, Str/Dex -1)
                  | [potion of mutation]
 98259 | Abyss:1  | Lost mutation: Armour fits poorly on your strangely shaped
                  | body. [potion of mutation]
 98259 | Abyss:1  | Gained mutation: You are weak. (Str -2) [potion of
                  | mutation]
 98259 | Abyss:1  | Gained mutation: You have large cloven feet. [potion of
                  | mutation]
 98259 | Abyss:1  | Gained mutation: You are partially covered in large bone
                  | plates. (SH +4) [potion of mutation]
 98489 | Depths:1 | Escaped the Abyss
 99056 | Zot:5    | Gained mutation: You are dopey. (Int -2) [an orb of fire]
 99061 | Zot:5    | Gained mutation: Your magical capacity is low. (-10% MP)
                  | [an orb of fire]
 99062 | Zot:5    | Gained mutation: Your magical capacity is very low. (-20%
                  | MP) [an orb of fire]
 99080 | Zot:5    | Gained mutation: You are clumsy. (Dex -2) [an orb of fire]
 99090 | Zot:5    | Gained mutation: You have hidden genetic defects. [an orb
                  | of fire]
 99091 | Zot:5    | Killed an orb of fire
 99112 | Zot:5    | Lost mutation: You are dopey. (Int -2) [potion of mutation]
 99112 | Zot:5    | Lost mutation: Your magical capacity is very low. (-20% MP)
                  | [potion of mutation]
 99112 | Zot:5    | Gained mutation: You do not regenerate when monsters are
                  | visible. [potion of mutation]
 99112 | Zot:5    | Lost mutation: You do not regenerate when monsters are
                  | visible. [potion of mutation]
 99113 | Zot:5    | Lost mutation: Your magical capacity is low. (-10% MP)
                  | [potion of mutation]
 99113 | Zot:5    | Lost mutation: You are weak. (Str -2) [potion of mutation]
 99113 | Zot:5    | Gained mutation: You are mostly covered in large bone
                  | plates. (SH +6) [potion of mutation]
 99113 | Zot:5    | Lost mutation: You have hidden genetic defects. [potion of
                  | mutation]
 99113 | Zot:5    | Gained mutation: You are partially covered in iridescent
                  | scales. (AC +2) [potion of mutation]
 99284 | Zot:5    | Noticed an orb of fire
 99300 | Zot:5    | Killed an orb of fire
 99541 | Zot:5    | Noticed an ancient lich
 99545 | Zot:5    | Noticed an orb of fire
 99555 | Zot:5    | Killed an ancient lich
 99556 | Zot:5    | Reached skill level 27 in Invocations
 99557 | Zot:5    | Killed an orb of fire
 99647 | Zot:5    | Noticed a dread lich
 99648 | Zot:5    | Killed a dread lich
 99732 | Zot:5    | Noticed an orb of fire
 99732 | Zot:5    | Gained mutation: You have a pair of small horns on your
                  | head. [an orb of fire]
 99750 | Zot:5    | Killed an orb of fire
 99804 | Zot:5    | Noticed an ancient lich
 99827 | Zot:5    | Killed an ancient lich
 99835 | Zot:5    | Identified the +0 cloak of Panentheism {Dex+2 SInv}
 99992 | Hell     | Entered the Vestibule of Hell
 99992 | Hell     | Noticed Geryon
100033 | Hell     | Killed Geryon
100089 | Hell     | Noticed Murray
100104 | Hell     | Killed Murray
100362 | Hell     | Found a gateway to the ashen valley of Gehenna.
100444 | Hell     | Found a gateway to the decaying netherworld of Tartarus.
100587 | Hell     | Found a gateway to the freezing wastes of Cocytus.
100700 | Hell     | Found a gateway to the Iron City of Dis.
101485 | Geh:1    | Entered Level 1 of Gehenna
101717 | Geh:2    | Reached skill level 27 in Fighting
103245 | Geh:7    | Entered Level 7 of Gehenna
103727 | Geh:7    | Noticed the Serpent of Hell
103760 | Geh:7    | Killed the Serpent of Hell
104341 | Zot:5    | Gained mutation: Potions are less effective at restoring
                  | your health. [an orb of fire]
104356 | Zot:5    | Killed an orb of fire
104399 | Zot:5    | Reached skill level 27 in Armour
104435 | Zot:5    | Got the Orb of Zot
104952 | D:$      | Escaped with the Orb!

Illustrated notes

Levels and vault maps discovered:
D:1:      dpeg_arrival_ternary, layout_loops_cross
D:2:      layout_basic, serial_shops, nicolae_shop_stone,
          shapermc_ecumenical_altar_flowoftime, minmay_pentomino_pile
D:3:      layout_basic, mainiacjoe_overflow_two_lobes, serial_shops,
          nicolae_shop_bloodbath_and_beyond, minmay_fractal_squares_5
D:4:      layout_rooms, lemuel_doored_altar, serial_shops, shop, hex_tiny,
          uniq_blork_the_orc, uniq_ijyb
D:5:      layout_gridville, ebering_ghost_disaster_area
D:6:      layout_basic, minmay_temple_entry_stoned_glass, serial_shops,
          nicolae_shop_pleasant_corner_grove, grunt_decor_cap
D:7:      layout_loops_ring
D:8:      layout_basic, zin_purify, nicolae_overflow_hidden_temple,
          nicolae_overflow_crystal_walls, enter_bailey_5,
          hangedman_abyss_or_decor_stagger, kennysheep_generic_room_5
D:9:      layout_loops_ring, nemelex_xobeh_ov_fountains_minmay,
          due_lair_maze_entry_diamond, nicolae_stop_n_shop_2
D:10:     layout_long_grid, mainiacjoe_overflow_surrounded_room,
          mainiacjoe_overflow_24_doors, gammafunk_ghost_ooze
D:11:     layout_roguey, hiddenorc1_lemuel, serial_ice, serial_ice_b,
          serial_ice_m, serial_ice_a, serial_ice_h, portal_ice_cave_rime,
          uniq_fannar
D:12:     layout_cave_pods, serial_shops, shop, uniq_jorgrun
D:13:     layout_long_grid, serial_library_hellmonk_hallway_b
D:14:     layout_roguey, hellmonk_vaults_attempted_burglary,
          hangedman_abyss_or_decor_lesser_grid, uniq_josephine
D:15:     gammafunk_enter_depths_forms, layout_gridville, good_gods_temple_1
Temple:   nicolae_temple_godzebo
Lair:1:   layout_gridlike, fungi_pond_lemuel, uniq_harold
Lair:2:   layout_roguey, elwin_shoals_entry_rooms,
          minmay_snake_entry_guardpost_medium, beast_lair_carwin_7,
          lemuel_fruit_fields
Lair:3:   layout_gridlike, nicolae_quartered_pool_little, grunt_megastairs_4,
          serial_bayou_shore_a, uniq_amaemon
Lair:4:   layout_regular_city, slime_entry_1, evilmike_ambush
          [evilmike_ambush_outer_corners, evilmike_ambush_inner_basic]
Lair:5:   due_jungle_book, layout_cave_pods, grunt_forest_small_clearings
Shoals:1: layout_shoals, serial_shops, nicolae_shop_waterfront, uniq_kirke
Shoals:2: layout_shoals, gammafunk_ghost_berserking_beasts
Shoals:3: layout_shoals, serial_shops, nicolae_shop_tiny_waterfront,
          nicolae_shoals_former_cling_halls
Shoals:4: shoals_end_grunt_garden, layout_shoals, shoal_ilsuiw
Snake:1:  layout_misc_corridors, grunt_ministairs_14, uniq_aizul, uniq_louise
Snake:2:  layout_gridlike, minmay_shop_grove, grunt_megastairs_1,
          serial_bayou_shore_b
Snake:3:  gammafunk_sealed_arena, layout_chambers, hangedman_snake_sidewinding,
          uniq_vashnia, uniq_saint_roka
Snake:4:  johnstein_snake_rune_scales, layout_cave_town, basic_altar,
          nicolae_snake_horde_hoard
Slime:1:  cheibrodos_slime_lost_civilization_2, layout_caves,
          cheibrodos_slime_lost_civilization_5
Slime:2:  layout_caves
Slime:3:  layout_caves
Slime:4:  layout_caves
Slime:5:  slime_pit_nicolae_inversion
Orc:1:    layout_caves, elves_outpost_lemuel, uniq_erolcha, uniq_urug
Orc:2:    kennysheep_orc_mage_school, layout_caves, lightli_orcish_oven
Elf:1:    eino_elf_arrival_the_gate, layout_geoelf_diagonals, serial_shops,
          nicolae_shop_tiny_glass, minivault_28, nicolae_elf_elemental_lessons,
          lemuel_upstairs_altar
Elf:2:    elven_hall_of_blades_hangedman_original [nicolae_blade_little_rooms],
          layout_loops_corners, serial_shops, shop, lemuel_elevator
Elf:3:    minmay_elf_hall_x, layout_geoelf_castle, serial_shops,
          nicolae_shop_waterfront, grunt_ministairs_6, due_unseen_surprise
Vaults:1: v_misc_24, nicolae_vaults_prndl, nicolae_vaults_inception_corners,
          nicolae_vaults_more_shelving_1, vaults_room_fours, st_lattice,
          ontoclasm_vaults_decontamination, nicolae_vaults_ring_of_whatevers,
          v_misc_10, nicolae_vaults_storage_room_statues, layout_vaults_omnigrid
Vaults:2: v_pattern_3, hangedman_vaults_impose, ontoclasm_vaults_twist,
          hangedman_vaults_river_flow, v_rooms_1, nicolae_vaults_network_square,
          v_misc_10, nicolae_vaults_yaktaur_gun_rack, nicolae_vaults_prndl,
          hangedman_vaults_stretched_pinwheel, nicolae_vaults_cochlea,
          layout_vaults_ring, uniq_zenata, uniq_donald, uniq_asterion
Vaults:3: advil_vaults_ghost_guards, nicolae_vaults_apartment_1,
          v_alt_pattern_4, ontoclasm_vaults_tryst, v_misc_12, v_pattern_4,
          nicolae_vaults_weapon_check, v_misc_27,
          nicolae_vaults_network_quincunx
          [nicolae_vaults_network_quincunx_subvault,
          nicolae_vaults_network_quincunx_subvault,
          nicolae_vaults_network_quincunx_subvault,
          nicolae_vaults_network_quincunx_subvault,
          nicolae_vaults_network_quincunx_subvault],
          minmay_crypt_entry_vampire_xt, nicolae_vaults_meeting, v_misc_3,
          v_misc_22, layout_vaults_omnibox
Vaults:4: mu_enter_wizlab_2, nicolae_vaults_offset_grid_hallway_1,
          vaults_mumra_hexcomb, nicolae_vaults_network_periphery,
          nicolae_vaults_tetromino_Z_2, hangedman_vaults_stagger,
          nicolae_vaults_rhombus_7, v_misc_26, layout_vaults_omnicross
Vaults:5: serial_shops, uniq_frederick
Crypt:1:  layout_regular_city, nicolae_crypt_wrong_turn,
          grunt_crypt_arrival_webbed
Crypt:2:  layout_gridlike
Crypt:3:  church_of_pain_bobbens, layout_chaotic_city,
          nicolae_tomb_entry_unfolded_pyramid_diagonal, gammafunk_ghost_grave,
          minmay_misc_feat_columns, st_stairs_5, glass_columns_b, uniq_grunn
Depths:1: layout_gridlike, hell_entry, roderic_serpentine_path,
          rand_demon_pan_entry_4, kennysheep_windowed_goal
Depths:2: kennysheep_windowed_halls, layout_basic, hellmouth_2, pan_entry
Depths:3: minmay_the_grid_square_5x5_4x4 [minmay_the_grid_square_5x5_c,
          minmay_the_grid_square_5x5_three_walls,
          minmay_the_grid_square_5x5_shuriken,
          minmay_the_grid_square_5x5_longway,
          minmay_the_grid_square_5x5_broken_cross,
          minmay_the_grid_square_5x5_prize_junk,
          minmay_the_grid_square_5x5_prize_open,
          minmay_the_grid_square_5x5_sharp_hourglass,
          minmay_the_grid_square_5x5_tie, minmay_the_grid_square_5x5_prize_open,
          minmay_the_grid_square_5x5_prize_snowflake,
          minmay_the_grid_square_5x5_three,
          minmay_the_grid_square_5x5_two_small,
          minmay_the_grid_square_5x5_pentomino_r,
          minmay_the_grid_square_5x5_tri_point,
          minmay_the_grid_square_5x5_corner], layout_small_grid, serial_sigils,
          serial_sigils_hangedman_leer, serial_sigils_hangedman_scratch,
          serial_sigils_hangedman_gnaw, serial_sigils_hangedman_snap,
          serial_sigils_hangedman_stare, abyss_entry_glasseish,
          hangedman_tar_grid_catacomb, hangedman_abyss_or_decor_passed,
          firewood_loft, uniq_vv, uniq_josephina
Depths:4: grunt_zot_entry_bicorn, layout_gridlike, enter_ziggurat_d, hell_entry,
          minmay_misc_feat_rows, minmay_shop_star
Hell
Geh:1:    hangedman_generic_boss_arena
Geh:2:    layout_gehenna_lava_caves
Geh:3:    layout_gehenna_pools_triple
Geh:4:    layout_gehenna_pools_basic
Geh:5:    layout_gehenna_pools_box
Geh:6:    layout_gehenna_lava_caves
Geh:7:    geh_old
Zot:1:    dreamdust_zin_vs_xom, layout_misc_corridors
Zot:2:    layout_gridlike
Zot:3:    hangedman_snap_crack_crunch, layout_onion_interference
Zot:4:    layout_twisted_circle
Zot:5:    layout_misc_corridors

Skill      XL: |  1  2  3  4  5  6  7  8  9 10 11 12 13 14 15 16 17 18 19 20 21 22 23 24 25 26 27 |
---------------+----------------------------------------------------------------------------------+-----
Maces & Flails | 3 4 5 6 7 8 9 10 12 13 15 16 | 16.1
Fighting       | 4 6 7 8 9 10 11 12 14 15 16 17 18 19 20 21 27 | 27.0
Evocations     | 1 3 5 6 |  6.0
Throwing       | 5 7 11 12 15 16 17 | 17.0
Armour         | 6 7 8 9 11 12 13 15 17 19 27 | 27.0
Shields        | 4 7 10 12 13 15 16 17 18 20 22 23 24 25 27 | 27.0
Invocations    | 3 7 10 11 12 14 15 16 18 20 27 | 27.0

Action                     |  1- 3 |  4- 6 |  7- 9 | 10-12 | 13-15 | 16-18 | 19-21 | 22-24 | 25-27 || total
---------------------------+-------+-------+-------+-------+-------+-------+-------+-------+-------++-------
  Melee: Flail             |    21 |       |       |       |       |       |       |       |       ||    21
         Whip              |   116 |   114 |   204 |    25 |       |       |       |       |       ||   459
         Long sword        |       |       |     8 |       |       |       |       |       |       ||     8
         Demon whip        |       |       |       |   736 |  1514 |  2029 |  2018 |  1567 |  4460 || 12324
         Sacred scourge    |       |       |       |       |       |       |       |       |  2190 ||  2190
         Headbutt          |       |       |       |       |       |       |       |       |   246 ||   246
  Throw: Stone             |       |    13 |     9 |       |       |       |       |       |       ||    22
         Javelin           |       |     2 |     2 |     1 |     1 |     4 |    20 |    16 |    37 ||    83
         Dart              |       |     5 |    38 |    51 |    12 |     8 |       |       |       ||   114
         Boomerang         |       |       |       |    27 |    47 |    50 |    17 |    41 |   238 ||   420
         Throwing net      |       |       |       |       |       |     8 |       |       |     2 ||    10
 Invoke: Line Pass         |       |       |       |     2 |     3 |     2 |     7 |     6 |     9 ||    29
         Stomp             |       |       |       |     1 |     6 |    11 |     3 |     1 |     4 ||    26
         Grand Finale      |       |       |       |       |     5 |    13 |    19 |    10 |    48 ||    95
  Evoke: Wand              |       |     3 |    26 |    12 |    15 |    14 |    11 |     1 |    27 ||   109
         Lightning rod     |       |       |       |       |     4 |       |       |       |       ||     4
         Phantom mirror    |       |       |       |       |       |     3 |     1 |     1 |       ||     5
         Phial of floods   |       |       |       |       |       |       |     3 |       |       ||     3
    Use: Potion            |     1 |       |       |     4 |     7 |    22 |     7 |     3 |    75 ||   119
         Scroll            |     4 |     3 |     5 |    16 |     9 |    16 |     7 |    13 |    38 ||   111
   Stab: Sleeping          |       |     1 |     2 |       |       |       |       |       |       ||     3
         Paralysed         |       |       |       |    25 |   160 |   212 |   290 |   159 |   742 ||  1588
         Confused          |       |       |       |     1 |     2 |       |     4 |     3 |     8 ||    18
         Distracted        |       |       |       |     1 |     1 |       |       |       |       ||     2
         Held in net/web   |       |       |       |       |       |     2 |       |       |       ||     2
         Invisible         |       |       |       |       |       |       |       |       |    10 ||    10
 Armour: Scale mail        |    71 |     1 |       |       |       |       |       |       |       ||    72
         Leather armour    |       |    33 |   141 |       |       |       |       |       |       ||   174
         Plate armour      |       |       |     5 |   134 |       |   223 |       |       |   807 ||  1169
         Chain mail        |       |       |       |   247 |   739 |   467 |   564 |   442 |  1170 ||  3629
         Skin              |       |       |       |       |       |       |       |       |    13 ||    13
  Dodge: Dodged            |    49 |    27 |    92 |   117 |   205 |   178 |   149 |   103 |   486 ||  1406
  Block: Buckler           |    19 |    12 |    67 |    91 |       |       |       |       |       ||   189
         Kite shield       |       |       |       |   147 |   711 |   295 |       |       |       ||  1153
         Tower shield      |       |       |       |       |       |   588 |  1270 |   949 |  5351 ||  8158
         Reflection        |       |       |       |       |       |       |       |    67 |    62 ||   129
